 Dungeon Crawl Stone Soup version 0.29.0-4-gdea44cf6ec (webtiles) character file.

Game seed: 12126064189122262839

572 qw the Cleaver (level 7, -1/60 HPs)
             Began as a Minotaur Fighter on Sept 5, 2022.
             Succumbed to a killer bee's poison
             ... on level 5 of the Dungeon.
             The game lasted 00:01:30 (3833 turns).

qw the Cleaver (Minotaur Fighter)                   Turns: 3833, Time: 00:01:31

Health: -1/60      AC:  8    Str: 22      XL:     7   Next: 12%
Magic:  6/6        EV: 13    Int:  5      God:
Gold:   138        SH:  9    Dex:  9 (10) Spells: 6/6 levels left

rFire   . . .      SeeInvis .   Y - +0 war axe (flame)
rCold   . . .      Faith    .   c - +0 buckler
rNeg    . . .      Spirit   .   b - +0 scale mail
rPois   .          Reflect  +   (helmet restricted)
rElec   .          Harm     .   (no cloak)
rCorr   .          Rampage  .   (no gloves)
Will    .....                   l - +0 pair of boots
Stlth   ..........              n - amulet of reflection
HPRegen 0.20/turn               h - +4 ring of evasion
MPRegen 0.10/turn               (no ring)

@: lethally poisoned (-1 -> -29)
A: horns 2, retaliatory headbutt, deterioration 1
a: no special abilities


You were on level 5 of the Dungeon.
You visited 1 branch of the dungeon, and saw 5 of its levels.

You collected 138 gold pieces.


Innate Abilities, Weirdness & Mutations

You have a pair of horns on your head.
You reflexively headbutt those who attack you in melee.
Your body sometimes deteriorates upon taking damage.


   Skills:
 - Level 4.6 Fighting
 + Level 8.7 Axes
 - Level 3.6 Armour
 - Level 1.7 Dodging
 - Level 3.6 Shields


You had 6 spell levels left.
You didn't know any spells.
Your spell library was empty.

Inventory:

Hand Weapons
 Y - a +0 war axe of flaming (weapon)
Missiles
 o - 2 boomerangs (quivered)
Armour
 b - a +0 scale mail (worn)
 c - a +0 buckler (worn)
 e - a +1 ring mail of fire resistance
 l - a +0 pair of boots (worn)
Jewellery
 h - a +4 ring of evasion (left hand)
 n - an amulet of reflection (around neck)
Potions
 a - a potion of degeneration {unknown}
 d - 5 potions of might
 f - a potion of berserk rage {unknown}
 g - a potion of mutation
 i - a potion of invisibility {unknown}
 k - a potion of curing {unknown}

Dungeon Overview and Level Annotations

Branches:
Dungeon (5/15)
 Temple: D:4-7

Altars:
Qazlal
Sif Muna


Message History

You barely miss the killer bee. Your headbutt misses the killer bee.
The killer bee is heavily wounded.
You miss the killer bee.
You feel very sick.
You block the killer bee's attack. x2; The killer bee closely misses you.
The killer bee completely misses you. The killer bee barely misses you.
You furiously retaliate!
You headbutt the killer bee, but do no damage.
The killer bee barely misses you.
You closely miss the killer bee. Your headbutt misses the killer bee.
The killer bee is heavily wounded.
You miss the killer bee.
You feel sick.
The killer bee stings you but does no damage.
The killer bee stings you. You block the killer bee's attack.
The killer bee stings you but does no damage.
You completely miss the killer bee.
The killer bee is heavily wounded.
You hit the killer bee. You burn the killer bee. You slash the adder!
You burn the adder.
You kill the adder!
You feel sick. The killer bee stings you.
You are more poisoned.
The killer bee poisons you! The killer bee stings you.
You are lethally poisoned!
The killer bee poisons you! The killer bee stings you.
The killer bee stings you but does no damage.
You miss the killer bee. Your headbutt misses the killer bee.
The killer bee is heavily wounded.
You miss the killer bee.
You feel very sick. The killer bee stings you.
You are more poisoned.
The killer bee poisons you! The killer bee closely misses you.
The killer bee barely misses you. You block the killer bee's attack.
You miss the killer bee. Your headbutt misses the killer bee.
The killer bee is heavily wounded.
You hit the orc. You burn the orc. You hit the killer bee.
You burn the killer bee.
You die...

.#..........#
............#
#...........#
#..........#
#........#
..#....)...##
.......<....#
............####..
..........@<......
.#.......yyo######
#..........#
............#
........!....
?..##.........
###........
###.##...


You could see 2 killer bees and an orc.

Vanquished Creatures
  A bullfrog (D:4)
  A scorpion (D:4)
  3 killer bees (D:5)
  An orc priest (D:3)
  Jessica (D:2)
  Natasha (thrice) (D:3)
  3 gnolls (D:4)
  7 adders
  2 dart slugs
  9 orcs
  6 endoplasms
  3 giant cockroaches
  4 goblins
  8 hobgoblins
  6 kobolds
  3 quokkas
  8 ball pythons
  6 bats
  4 frilled lizards
  9 rats
88 creatures vanquished.

Notes
Turn   | Place    | Note
-------+----------+-------------------------------------------
     0 | D:1      | qw the Minotaur Fighter began the quest for the Orb.
     0 | D:1      | Reached XP level 1. HP: 19/19 MP: 0/0
     0 | D:1      | 0 ||| qw: Version: 0.1-a-104-g96f76f8
     0 | D:1      | 0 ||| qw: Game counter: 5815
     0 | D:1      | 0 ||| qw: Always use a shield: true
     0 | D:1      | 0 ||| qw: God list: Ru
     0 | D:1      | 0 ||| qw: Allow faded altars: false
     0 | D:1      | 0 ||| qw: Do Orc after D:15 true
     0 | D:1      | 0 ||| qw: Do second Lair branch before Depths: true
     0 | D:1      | 0 ||| qw: Lair rune preference: random
     0 | D:1      | 0 ||| qw: Plans: Normal
     0 | D:1      | 0 ||| PLANNING D:1-11
   310 | D:1      | Reached skill level 3 in Axes
   428 | D:1      | 428 ||| Stepping ~*~*~tactically~*~*~ (stealth).
   430 | D:1      | 430 ||| Stepping ~*~*~tactically~*~*~ (stealth).
   435 | D:1      | Reached XP level 2. HP: 26/26 MP: 1/1
   662 | D:1      | Found a faded altar of an unknown god.
   871 | D:1      | 871 ||| READING scroll labelled LUMEFO NIYLUW.
   875 | D:1      | 875 ||| READING 4 scrolls labelled ONTUXK JENGA.
   876 | D:1      | 876 ||| READING scroll labelled REMUEROKHE.
   877 | D:1      | 877 ||| DROPPING 3 scrolls of fog.
   925 | D:2      | 925 ||| STAIRDANCE
   932 | D:1      | Reached skill level 4 in Axes
   973 | D:2      | Reached XP level 3. HP: 31/31 MP: 2/2
  1080 | D:2      | 1080 ||| Stepping ~*~*~tactically~*~*~ (hiding).
  1082 | D:2      | 1082 ||| Stepping ~*~*~tactically~*~*~ (hiding).
  1113 | D:2      | Reached skill level 5 in Axes
  1118 | D:2      | Noticed Jessica
  1128 | D:2      | Killed Jessica
  1129 | D:2      | Reached skill level 1 in Dodging
  1129 | D:2      | Reached XP level 4. HP: 36/39 MP: 3/3
  1786 | D:2      | 1786 ||| UPGRADING to +0 pair of boots.
  1791 | D:2      | 1791 ||| DROPPING amulet of magic regeneration.
  1792 | D:2      | 1792 ||| READING scroll labelled CYUROH XEPTA.
  1793 | D:2      | 1793 ||| READING scroll labelled RAUXZA HEOWKYPH.
  1936 | D:3      | Noticed Natasha
  1937 | D:3      | 1937 ||| Stepping ~*~*~tactically~*~*~ (hiding).
  1944 | D:3      | Killed Natasha
  2002 | D:3      | Noticed Natasha
  2007 | D:3      | Killed Natasha
  2008 | D:3      | Reached skill level 6 in Axes
  2008 | D:3      | Reached XP level 5. HP: 35/45 MP: 4/4
  2254 | D:3      | 2254 ||| Stepping ~*~*~tactically~*~*~ (hiding).
  2259 | D:3      | Noticed Natasha
  2266 | D:3      | Killed Natasha
  2267 | D:3      | Reached skill level 7 in Axes
  2372 | D:3      | 2372 ||| DROPPING +0 mace.
  2408 | D:3      | 2408 ||| Stepping ~*~*~tactically~*~*~ (stealth).
  2539 | D:3      | 2539 ||| Stepping ~*~*~tactically~*~*~ (stealth).
  2541 | D:3      | 2541 ||| Stepping ~*~*~tactically~*~*~ (stealth).
  2616 | D:3      | 2616 ||| DRINKING 2 blue potions.
  2655 | D:3      | 2655 ||| DRINKING 2 red potions.
  2656 | D:3      | 2656 ||| DROPPING potion of lignification.
  2657 | D:3      | 2657 ||| DROPPING potion of attraction.
  2728 | D:4      | 2728 ||| Stepping ~*~*~tactically~*~*~ (hiding).
  2874 | D:4      | Reached XP level 6. HP: 52/53 MP: 5/5
  3285 | D:4      | 3285 ||| Stepping ~*~*~tactically~*~*~ (stealth).
  3287 | D:4      | 3287 ||| Stepping ~*~*~tactically~*~*~ (hiding).
  3288 | D:4      | 3288 ||| Stepping ~*~*~tactically~*~*~ (hiding).
  3294 | D:4      | 3294 ||| Stepping ~*~*~tactically~*~*~ (stealth).
  3353 | D:4      | 3353 ||| Stepping ~*~*~tactically~*~*~ (hiding).
  3359 | D:4      | Found a shimmering blue altar of Sif Muna.
  3363 | D:4      | 3363 ||| FLEEEEING.
  3364 | D:4      | 3364 ||| FLEEEEING.
  3375 | D:4      | 3375 ||| FLEEEEING.
  3379 | D:4      | 3379 ||| FLEEEEING.
  3380 | D:4      | 3380 ||| FLEEEEING.
  3386 | D:4      | 3386 ||| FLEEEEING.
  3605 | D:4      | Found a stormy altar of Qazlal.
  3670 | D:4      | 3670 ||| SWAPPING to +0 war axe of flaming.
  3671 | D:4      | 3671 ||| DROPPING +0 flail.
  3672 | D:4      | 3672 ||| DROPPING +0 war axe.
  3763 | D:4      | 3763 ||| UPGRADING to amulet of reflection.
  3768 | D:4      | 3768 ||| UPGRADING to +4 ring of evasion.
  3769 | D:4      | 3769 ||| READING scroll labelled ZEITEIHIOF.
  3770 | D:4      | 3770 ||| READING scroll labelled ZEAHIS PODE.
  3771 | D:4      | 3771 ||| DRINKING 2 viscous black potions.
  3771 | D:4      | Gained mutation: Your body sometimes deteriorates upon
                  | taking damage. [potion of mutation]
  3813 | D:5      | Entered Level 5 of the Dungeon
  3821 | D:5      | 3821 ||| Stepping ~*~*~tactically~*~*~ (stealth).
  3826 | D:5      | Reached skill level 8 in Axes
  3827 | D:5      | Reached XP level 7. HP: 55/60 MP: 6/6
  3831 | D:5      | HP: 12/60 [killer bee (5)]
  3832 | D:5      | HP: 5/60 [killer bee (1)]
  3833 | D:5      | Succumbed to a killer bee's poison

Levels and vault maps discovered:
D:1:      erik_arrival_triangle_small, layout_loops_ring,
          ebering_ecumenical_altar_sacrificial, serial_aquarium,
          aquarium_bridge_island_small [aquarium_subvault_small_open,
          aquarium_subvault_window, aquarium_subvault_balcony,
          aquarium_subvault_bridge, aquarium_subvault_wall],
          aquarium_bridge_straight [aquarium_subvault_bridge,
          aquarium_subvault_wall, aquarium_subvault_bridge,
          aquarium_subvault_window], aquarium_window_fake, aquarium_window_1,
          aquarium_view_2d, aquarium_balcony_3a, aquarium_pool_2
D:2:      layout_rooms, uniq_jessica
D:3:      layout_rooms, grunt_ministairs_4, uniq_natasha
D:4:      nicolae_BIG_FREAKIN_CUBE, layout_loops_corners,
          mainiacjoe_overflow_alcove_2, led_sif_pool
D:5:      layout_rooms

Skill      XL: |  1  2  3  4  5  6 |
---------------+-------------------+-----
Axes           | 3 4 5 6 7 8 |  8.7
Dodging        | 1 |  1.7
Fighting       | 4 |  4.6
Armour         | |  3.6
Shields        | |  3.6

Action                   |  1- 3 |  4- 6 |  7- 9 || total
-------------------------+-------+-------+-------++-------
Melee: War axe           |    57 |   124 |     7 ||   188
       Headbutt          |     8 |    15 |       ||    23
Throw: Boomerang         |       |     4 |       ||     4
  Use: Scroll            |     3 |     4 |       ||     7
       Potion            |       |     3 |       ||     3
Armor: Scale mail        |    15 |    36 |     4 ||    55
Dodge: Dodged            |    24 |    54 |     9 ||    87
Block: Buckler           |    11 |    25 |     6 ||    42

Table legend:
 A = Non-vault XP
 B = Vault XP
 C = Vault XP percentage of total XP
 D = Non-vault monster count
 E = Vault monster count
 F = Vault count percentage of total count
                 A         B        C        D         E       F
            +---------+---------+-------+---------+---------+-------
      Total |     743 |      75 |   9.2 |      84 |       4 |   4.5
            +---------+---------+-------+---------+---------+-------
        D:1 |      38 |       0 |   0.0 |      18 |       0 |   0.0
        D:2 |      60 |      37 |  38.1 |      21 |       1 |   4.5
        D:3 |     169 |      38 |  18.4 |      21 |       3 |  12.5
        D:4 |     265 |       0 |   0.0 |      19 |       0 |   0.0
        D:5 |     211 |       0 |   0.0 |       5 |       0 |   0.0
            +---------+---------+-------+---------+---------+-------
